 Dungeon Crawl Stone Soup version 0.29-a0-96-g93358da72b (webtiles) character file.

Game seed: 4892127949160765845

3621 Gargoyl the Cleaver (level 10, -6/60 HPs)
             Began as a Gargoyle Abyssal Knight on Feb 11, 2022.
             Was a Priest of Lugonu.
             Mangled by an ogre (19 damage)
             ... on level 7 of the Dungeon.
             The game lasted 00:09:53 (8978 turns).

Gargoyl the Cleaver (Gargoyle Abyssal Knight)       Turns: 8978, Time: 00:09:53

Health: -6/60      AC: 21    Str: 21    XL:     10   Next: 11%
Magic:  6/14       EV:  8    Int: 11    God:    Lugonu [***...]
Gold:   346        SH:  5    Dex: 10    Spells: 9/9 levels left

rFire   + . .      SeeInvis +   w - +1 dagger (venom)
rCold   + . .      Faith    .   d - +0 buckler "Rialos" {rC+ SInv}
rNeg    + . .      Spirit   .   q - +0 chain mail
rPois   ∞          Reflect  .   (no helmet)
rElec   +          Harm     .   j - +1 cloak
rCorr   .          Rampage  .   (no gloves)
Will    .....                   s - +0 pair of boots
Stlth   ..........              (no amulet)
HPRegen 0.20/turn               n - ring of protection from fire
MPRegen 0.14/turn               (no ring)

@: studying Throwing
A: sickness immunity, AC +7, negative energy resistance 1, electricity
resistance, torment resistance 1, petrification resistance
a: Renounce Religion, Depart the Abyss, Bend Space, Banish


You were on level 7 of the Dungeon.
You worshipped Lugonu.
Lugonu was most pleased with you.
You visited 1 branch of the dungeon, and saw 7 of its levels.
You visited the Abyss 1 time.

You collected 544 gold pieces.
You spent 198 gold pieces at shops.

Inventory:

Hand Weapons
 a - a +2 hand axe
 w - a +1 dagger of venom (weapon)
 z - a +0 war axe of electrocution
Missiles
 e - a throwing net
 o - 6 poisoned darts (quivered)
Armour
 d - the +0 buckler "Rialos" (worn) {rC+ SInv}
   (You acquired it on level 2 of the Dungeon)

   rC:        It protects you from cold.
   SInv:      It lets you see invisible.
 j - a +1 cloak (worn)
 q - a +0 chain mail (worn)
 s - a +0 pair of boots (worn)
Jewellery
 n - a ring of protection from fire (left hand)
Wands
 b - a wand of flame (5)
 t - a wand of iceblast (10)
 A - a wand of digging (5)
Scrolls
 i - 2 scrolls of teleportation
 m - 2 scrolls of magic mapping
 u - a scroll of immolation {unknown}
 v - 3 scrolls of identify
 y - a scroll of blinking
Potions
 c - a potion of attraction
 f - 2 potions of magic
 g - 2 potions of might
 h - a potion of heal wounds
 k - a potion of resistance
 l - a potion of cancellation
 p - 2 potions of curing
 r - a potion of brilliance
 x - a potion of haste


   Skills:
 + Level 6.0 Fighting
 + Level 2.1 Short Blades
 * Level 8.4 Axes
 + Level 1.0 Throwing
 + Level 6.2 Armour
 + Level 2.0 Dodging
 + Level 1.5 Stealth
 * Level 5.8 Shields
 * Level 5.5 Invocations


You had 9 spell levels left.
You didn't know any spells.
Your spell library contained the following spells:

 Spells                   Type           Power      Damage    Failure   Level
 Apportation              Tloc           0%         N/A       98%         1
 Blink                    Tloc           0%         N/A       99%         2
 Dazzling Flash           Conj/Hex       0%         N/A       100%        3
 Hailstorm                Conj/Ice       0%         3d3       100%        4
 Ice Form                 Ice/Tmut       0%         N/A       100%        4
 Iskenderun's Mystic Bla  Conj/Tloc      0%         2d3       100%        4
 Alistair's Intoxication  Tmut/Pois      0%         N/A       100%        5
 Manifold Assault         Tloc           0%         N/A       100%        5
 Simulacrum               Ice/Necr       0%         N/A       100%        6
 Starburst                Conj/Fire      0%         6d3       100%        6
 Storm Form               Tmut/Air       0%         N/A       100%        7


Dungeon Overview and Level Annotations

Branches:
Dungeon (7/15)             Temple (0/1) D:5

Altars:
Makhleb
Okawaru
Xom

Shops:
D:1 [   D:3 [   D:4 !


Innate Abilities, Weirdness & Mutations

You are immune to sickness and miasma.
Your stone body is resilient. (AC +7)
You are immune to poison.
You resist negative energy. (rN+)
You are resistant to electric shocks. (rElec)
You are resistant to unholy torment.
You are immune to petrification.


Message History

You easily resist.
You barely miss the ogre. You slash the orc wizard!
Lightning courses through the orc wizard!!
You kill the orc wizard!
Lugonu accepts your kill. The ogre barely misses you.
Unknown command.
Your +0 war axe of electrocution stops crackling.
Your +1 dagger of venom begins to drip with poison!
w - a +1 dagger of venom (weapon)
Unknown command.
You hit the ogre but do no damage. The ogre closely misses you.
You block the orc wizard's attack.
You completely miss the ogre.
The ogre hits you with a +0 giant spiked club!
The orc wizard gestures at you while chanting.
You are confused.
The orc wizard hits you but does no damage.
The ogre hits you but does no damage.
Found a scroll of identify.
You feel less confused. You block the orc wizard's attack.
The hornet barely misses you.
You hit the hornet but do no damage.
The hornet is poisoned.
The hornet stings you!
* * * LOW HITPOINT WARNING * * *
Press: ? - help, Shift-Dir - straight line, f - hornet
Aim: a hornet (lightly wounded, very poisoned, chance to affect: 76%)
The hornet barely resists.
The hornet barely misses you. The hornet stings you.
* * * LOW HITPOINT WARNING * * *
Unknown command.
Press: ? - help, Shift-Dir - straight line, f/p - hornet
Aim: a hornet (heavily wounded, very poisoned, chance to affect: 76%)
The hornet is devoured by a tear in reality.
Lugonu claims a new guest.
Your Fighting skill increases to level 6!
You hit the ogre.
The ogre is poisoned.
The ogre is lightly wounded.
The ogre hits you with a +0 giant spiked club!!
You die...

#
#######>.......##.....####.....
#.....#..##..#.##..............
#...............#.....####.....
#..............o......# #.....
#.....(...............## ##....
#..............##......#####.(.
#............Zoo.o......†.#####
#.....########O###....).#.#####
#.....# #@##..####†......#
#.....# #.##.##/([###....#
#)....# #.##.#$(##)O##...#
####### #.##.#? #oo#...# #.##?#
#y#...# #.##. #o#..# #.##.
g#..# #.# #


You could see an ogre (very poisoned), an orc wizard, an orc and a centaur
zombie.

Vanquished Creatures
  A two-headed ogre (D:7)
  Sigmund (D:6)
  Eustachio (D:5)
  Edmund (D:6)
  A water moccasin (D:5)
  2 orc warriors
  An ice beast (D:7)
  A black bear (D:5)
  A necrophage (D:7)
  4 ogres
  A centaur (D:6)
  2 bullfrogs
  A kobold brigand (D:7)
  A wyvern zombie (D:6)
  3 scorpions (D:5)
  A howler monkey (D:6)
  2 bullfrog zombies (D:6)
  4 hounds
  2 centaur skeletons
  A jelly (D:6)
  2 bullfrog skeletons
  Crazy Yiuf (D:3)
  6 iguanas
  Ijyb (D:3)
  7 orc wizards
  4 gnolls (D:4)
  2 howler monkey skeletons
  11 adders
  4 shadow imps
  A worm (D:2)
  A dart slug (D:3)
  16 orcs
  7 ball pythons
  5 bats
  4 endoplasms
  2 giant cockroaches (D:2)
  2 hobgoblins
  4 jackals (D:4)
  4 quokkas
  2 frilled lizards (D:1)
  5 goblins
  9 kobolds
  4 rats
136 creatures vanquished.

Vanquished Creatures (others)
  An orc wizard (D:5)
  4 fungi (D:3)
  4 toadstools (D:2)
9 creatures vanquished.

Grand Total: 145 creatures vanquished

Notes
Turn   | Place    | Note
-------+----------+-------------------------------------------
     0 | Abyss:1  | Gargoyl the Gargoyle Abyssal Knight began the quest for the
                  | Orb.
     0 | Abyss:1  | Reached XP level 1. HP: 14/14 MP: 2/2
     8 | D:1      | Escaped the Abyss
    57 | D:1      | Found Iveef's Antique Armour Shoppe.
   269 | D:1      | Found a faded altar of an unknown god.
   702 | D:1      | Reached XP level 2. HP: 19/19 MP: 3/3
   704 | D:1      | Reached skill level 2 in Axes
   976 | D:2      | Identified a scroll of acquirement
   976 | D:2      | Acquired the +0 buckler "Rialos" {rC+ SInv}
  1000 | D:2      | Found a shimmering altar of Xom.
  1111 | D:2      | Reached * piety under Lugonu
  1197 | D:2      | Reached skill level 1 in Dodging
  1198 | D:2      | Reached XP level 3. HP: 24/24 MP: 4/4
  1964 | D:2      | Reached XP level 4. HP: 7/29 MP: 5/5
  2493 | D:3      | Reached skill level 1 in Shields
  2734 | D:3      | Found Nearikec's Armour Shoppe.
  2738 | D:3      | Bought a +0 chain mail for 58 gold pieces
  2794 | D:3      | Noticed Ijyb
  2821 | D:3      | Killed Ijyb
  2822 | D:3      | Reached skill level 3 in Axes
  2839 | D:3      | Reached XP level 5. HP: 28/33 MP: 6/6
  3031 | D:3      | Found an iron altar of Okawaru.
  3467 | D:3      | Found a runed translucent door.
  3468 | D:3      | Noticed Crazy Yiuf
  3476 | D:3      | Killed Crazy Yiuf
  3851 | D:4      | Reached skill level 4 in Axes
  3851 | D:4      | Reached XP level 6. HP: 38/38 MP: 7/7
  3878 | D:4      | Reached ** piety under Lugonu
  4477 | D:4      | Found Jaklech's Distillery.
  4480 | D:4      | Bought a potion of resistance for 140 gold pieces
  5060 | D:5      | Entered Level 5 of the Dungeon
  5149 | D:5      | Reached skill level 5 in Axes
  5149 | D:5      | Reached XP level 7. HP: 43/43 MP: 9/9
  5870 | D:5      | Reached XP level 8. HP: 45/48 MP: 10/10
  5950 | D:5      | Found a staircase to the Ecumenical Temple.
  5959 | D:5      | Reached skill level 6 in Axes
  6786 | D:6      | Identified the +10 dagger of Torch {vamp, +Blink}
  6866 | D:5      | Reached skill level 5 in Fighting
  7107 | D:6      | Noticed Sigmund
  7119 | D:6      | Killed Sigmund
  7136 | D:6      | Noticed Edmund
  7162 | D:6      | Killed Edmund
  7163 | D:6      | Reached skill level 1 in Stealth
  7164 | D:6      | Noticed Eustachio
  7443 | D:5      | Killed Eustachio
  7444 | D:5      | Reached skill level 5 in Armour
  7444 | D:5      | Reached XP level 9. HP: 30/54 MP: 12/12
  7617 | D:6      | Reached *** piety under Lugonu
  7618 | D:6      | Reached skill level 1 in Throwing
  7962 | D:6      | Reached skill level 1 in Short Blades
  8173 | D:6      | Reached skill level 5 in Shields
  8175 | D:6      | Reached skill level 7 in Axes
  8175 | D:6      | Reached skill level 5 in Invocations
  8298 | D:6      | Found a burning altar of Makhleb.
  8298 | D:6      | Noticed an Executioner
  8301 | D:6      | Noticed a hellwing
  8931 | D:7      | Noticed a hornet
  8934 | D:7      | Noticed a two-headed ogre
  8938 | D:7      | Killed a two-headed ogre
  8939 | D:7      | Reached skill level 8 in Axes
  8939 | D:7      | Reached XP level 10. HP: 35/60 MP: 12/14
  8978 | D:7      | Mangled by an ogre

Illustrated notes

Levels and vault maps discovered:
D:1:      amcnicky_arrival_single_pillar, layout_loops_corners, serial_shops,
          shop, ebering_ecumenical_altar_mist, minmay_misc_feat_pillars
D:2:      minmay_chambers_of_twos, layout_basic, basic_altar,
          minmay_gold_behind_fungi, minmay_tromino_i4
D:3:      layout_basic, okawaru_gym_becter, serial_shops, shop,
          uniq_crazy_yiuf_cottage, uniq_ijyb
D:4:      minmay_inner_zag, layout_basic, serial_shops,
          nicolae_shop_behind_doors
D:5:      layout_loops_ring, minmay_temple_entry_drinking_statues,
          minmay_strange_pillars, hangedman_decor_peaks_small
D:6:      layout_rooms, makhleb_altar_promises_db, minmay_manual_monstrance,
          uniq_eustachio, uniq_sigmund, uniq_edmund
D:7:      layout_rooms, minmay_alternating_orb

Skill      XL: |  1  2  3  4  5  6  7  8  9 10 |
---------------+-------------------------------+-----
Axes           | 2 3 4 5 6 8 |  8.4
Dodging        | 1 2 |  2.0
Fighting       | 4 5 6 |  6.0
Shields        | 1 2 4 5 |  5.8
Armour         | 3 5 6 |  6.2
Invocations    | 3 4 5 |  5.5
Stealth        | 1 |  1.5
Throwing       | 1 |  1.0
Short Blades   | 2 |  2.1

Action                   |  1- 3 |  4- 6 |  7- 9 | 10-12 || total
-------------------------+-------+-------+-------+-------++-------
Melee: Hand axe          |    95 |   217 |    78 |       ||   390
       Dagger            |       |       |   150 |     4 ||   154
       War axe           |       |       |   101 |    14 ||   115
Throw: Dart              |       |     4 |     7 |       ||    11
       Throwing net      |       |     1 |       |       ||     1
Invok: Depart the Abyss  |     1 |       |       |       ||     1
       Bend Space        |       |       |     1 |       ||     1
       Banish            |       |       |       |     2 ||     2
  Use: Scroll            |     6 |     7 |     5 |       ||    18
       Potion            |       |     2 |       |       ||     2
Armor: Leather armour    |    54 |     8 |       |       ||    62
       Chain mail        |       |   142 |   242 |    10 ||   394
Dodge: Dodged            |    67 |    67 |   138 |    11 ||   283
Block: Buckler           |    12 |    34 |    58 |     4 ||   108

Table legend: (Time is in decaauts)
 A = Elapsed time spent in this place.
 B = Non-inter-level travel time spent in this place.
 C = Inter-level travel time spent in this place.
 D = Time resting spent in this place.
 E = Time spent auto-exploring this place.
 F = Levels seen in this place.
 G = Mean time per level.
                   A        B        C        D        E       F      G
               +--------+--------+--------+--------+--------+-----+--------+
         Total |   9065 |   8787 |    278 |    376 |   6642 |   8 | 1133.1 |
       Dungeon |   9057 |   8779 |    278 |    376 |   6635 |   7 | 1293.9 |
         Abyss |      8 |      8 |      0 |      0 |      7 |   1 |    8.0 |
               +--------+--------+--------+--------+--------+-----+--------+

Top non-repeatable levels by time:
     D:5: 2162 daAuts
     D:4: 1673 daAuts
     D:2: 1348 daAuts
     D:3: 1331 daAuts
     D:6: 1161 daAuts
     D:1: 951 daAuts
     D:7: 428 daAuts
 Abyss:1: 8 daAuts
